Map: Invader LE

Players

Fropez

  • Race: Protoss Protoss
  • League: Silver
  • Spawn Location: 1:00

abliviax - Winner!

  • Race: Protoss Protoss
  • League: Silver
  • Spawn Location: 11:00

VOD

Have the link to the VOD?

Description

Time

  • Played on: May 22, 2016, 12:05 a.m.
  • Length: 14:19
Show
View Real Time Build Order
Export as new Build Order

Fropez Protoss 

Build Orders:  

Get SALT Encoding   

  12  0:01  Probe (Chrono Boost)  
  13  0:22  Pylon  
  13  0:24  Probe (Chrono Boost)  
  14  0:31  Assimilator  
  14  0:35  Probe (Chrono Boost)  
  15  0:45  Probe (Chrono Boost)  
  16  0:55  Gateway  
  16  1:01  Gateway  
  16  1:03  Probe (Chrono Boost)  
  17  1:14  Probe (Chrono Boost)  
  17  1:17  Pylon  
  18  1:25  Probe (Chrono Boost)  
  19  1:35  Probe (Chrono Boost)  
  20  1:42  Pylon  
  20  1:46  Probe (Chrono Boost)  
  21  1:48  Assimilator  
  21  1:53  Pylon  
  21  1:56  Probe (Chrono Boost)  
  22  2:15  Cybernetics Core  
  22  2:16  Probe (Chrono Boost)  
  22  2:19  Forge  
  23  2:26  Probe (Chrono Boost)  
  24  2:37  Probe (Chrono Boost)  
  25  2:48  Probe (Chrono Boost)  
  26  3:11  Photon Cannon  
  26  3:13  Pylon  
  26  3:17  Warp Gate (Chrono Boost)  
  28  3:20  Mothership Core (Chrono Boost)  
  24  3:38  Probe (Chrono Boost)  
  25  3:49  Probe (Chrono Boost)  
  26  3:59  Probe (Chrono Boost)  
  27  4:10  Nexus  
  27  4:22  Probe (Chrono Boost), Photon Cannon  
  28  4:26  Protoss Ground Weapons Level 1 (Chrono Boost)  
  28  4:32  Probe (Chrono Boost)  
  28  4:35  Photon Cannon  
  29  4:41  Pylon  
  29  4:43  Probe  
  30  5:12  Pylon  
  30  5:15  Gateway  
  30  5:16  Gateway  
  30  5:17  Probe  
  30  5:28  Pylon  
  30  5:39  Probe  
  30  5:40  Probe  
  30  5:42  Photon Cannon  
  32  5:50  Probe  
  32  5:52  Probe, Assimilator  
  32  5:54  Assimilator  
  34  5:59  Photon Cannon  
  34  6:00  Probe  
  35  6:05  Probe  
  35  6:06  Twilight Council  
  35  6:11  Probe  
  33  6:17  Adept  
  33  6:18  Adept  
  38  6:27  Protoss Ground Armor Level 1 (Chrono Boost)  
  38  6:31  Probe  
  38  6:32  Probe  
  40  6:37  Robotics Facility  
  40  6:41  Robotics Facility  
  38  6:56  Probe  
  38  6:57  Probe  
  38  7:01  Blink  
  38  7:07  Probe  
  38  7:09  Probe  
  40  7:27  Stalker x2  
  40  7:28  Stalker x2  
  48  7:33  Immortal  
  48  7:35  Probe  
  48  7:36  Probe  
  54  7:49  Immortal  
  54  7:51  Probe  
  59  8:00  Probe  
  60  8:06  Pylon  
  60  8:17  Immortal  
  64  8:33  Immortal  
  68  8:42  Protoss Ground Weapons Level 2 (Chrono Boost)  
  68  8:46  Pylon  
  68  9:07  Immortal  
  68  9:08  Pylon  
  72  9:19  Probe x2  
  74  9:38  Nexus  
  74  9:39  Pylon  
  74  9:41  Probe  
  74  9:42  Probe  
  74  9:43  Pylon  
  74  9:45  Stalker x3  
  82  9:57  Immortal  
  82  9:58  Probe x2  
  88  10:10  Assimilator  
  88  10:12  Assimilator  
  88  10:15  Pylon  
  88  10:18  Pylon  
  88  10:21  Pylon  
  88  10:23  Pylon, Probe  
  88  10:24  Probe  
  90  10:34  Probe  
  90  10:40  Protoss Ground Armor Level 2 (Chrono Boost)  
  90  10:50  Probe x3  
  90  10:53  Stalker x2  
  97  11:01  Immortal  
  101  11:10  Photon Cannon  
  101  11:12  Probe, Photon Cannon  
  102  11:34  Probe x2  
  102  11:35  Probe  
  102  11:38  Stalker x4  
  113  11:55  Photon Cannon  
  113  11:57  Pylon  
  113  12:05  Stalker x4  
  113  12:06  Photon Cannon  
  117  12:17  Observer x2  
  119  12:29  Stalker x4  
  123  13:08  Stalker  
  123  13:09  Stalker x3  
  131  13:15  Gateway  
  131  13:19  Gateway  
  93  13:53  Stalker x4  
Show
View Real Time Build Order
Export as new Build Order

abliviax Protoss - Winner!

Build Orders:  

Get SALT Encoding   

  12  0:02  Probe (Chrono Boost)  
  13  0:15  Pylon  
  13  0:19  Probe (Chrono Boost)  
  14  0:29  Probe (Chrono Boost)  
  14  0:35  Gateway  
  15  0:45  Probe (Chrono Boost)  
  15  0:47  Assimilator  
  16  0:52  Assimilator  
  16  0:55  Probe (Chrono Boost)  
  17  1:06  Probe (Chrono Boost)  
  18  1:15  Pylon  
  18  1:18  Probe (Chrono Boost)  
  19  1:30  Cybernetics Core  
  19  1:36  Probe (Chrono Boost)  
  20  1:46  Probe (Chrono Boost)  
  21  2:07  Mothership Core (Chrono Boost)  
  23  2:09  Warp Gate  
  23  2:25  Probe (Chrono Boost)  
  24  2:38  Nexus  
  24  2:47  Pylon  
  24  2:50  Pylon  
  24  2:58  Probe (Chrono Boost)  
  25  3:12  Probe (Chrono Boost)  
  26  3:24  Probe (Chrono Boost)  
  26  3:30  Twilight Council  
  26  3:34  Probe (Chrono Boost), Stargate  
  26  3:35  Gateway  
  27  3:45  Probe (Chrono Boost)  
  28  4:00  Probe (Chrono Boost)  
  28  4:01  Probe (Chrono Boost)  
  30  4:10  Probe (Chrono Boost)  
  30  4:14  Protoss Air Weapons Level 1  
  30  4:15  Assimilator, Blink (Chrono Boost)  
  31  4:23  Assimilator, Oracle (Chrono Boost)  
  34  4:28  Probe  
  35  4:34  Probe  
  35  4:37  Forge  
  36  4:41  Probe  
  37  4:52  Stalker x2  
  41  4:57  Phoenix (Chrono Boost)  
  41  4:58  Probe  
  44  5:05  Probe  
  45  5:07  Pylon  
  45  5:12  Probe  
  48  5:30  Stalker  
  48  5:31  Stalker  
  50  5:44  Pylon  
  50  5:45  Nexus  
  50  5:47  Assimilator  
  50  5:49  Assimilator  
  50  5:52  Pylon  
  50  5:54  Protoss Ground Weapons Level 1  
  50  5:59  Gateway  
  50  6:13  Probe  
  50  6:16  Phoenix (Chrono Boost)  
  53  6:25  Probe  
  53  6:26  Probe  
  55  6:35  Probe  
  55  6:38  Probe  
  55  6:39  Phoenix (Chrono Boost)  
  59  6:46  Probe  
  57  6:50  Probe  
  59  6:56  Probe  
  59  6:58  Probe  
  61  7:07  Probe  
  61  7:08  Probe  
  62  7:09  Gateway  
  62  7:10  Gateway  
  63  7:30  Probe  
  63  7:31  Probe  
  63  7:32  Phoenix (Chrono Boost)  
  67  7:38  Probe  
  67  7:39  Stargate  
  67  7:40  Probe  
  67  7:42  Stalker x2  
  67  7:43  Probe  
  74  7:48  Probe  
  74  7:51  Probe  
  75  7:53  Pylon  
  75  7:54  Pylon, Photon Cannon  
  75  7:58  Photon Cannon  
  76  8:00  Pylon  
  76  8:01  Probe  
  76  8:02  Probe  
  76  8:03  Photon Cannon  
  78  8:24  Charge  
  78  8:25  Stalker  
  78  8:26  Stalker  
  82  8:33  Robotics Facility  
  82  8:37  Probe x2  
  82  8:38  Probe, Templar Archives  
  85  8:44  Fleet Beacon  
  85  9:02  Probe  
  85  9:03  Probe  
  85  9:09  Stalker x3  
  93  9:13  Phoenix (Chrono Boost)  
  93  9:16  Phoenix (Chrono Boost)  
  97  9:17  Probe  
  98  9:35  Phoenix (Chrono Boost)  
  98  9:38  High Templar x2  
  106  9:41  Phoenix (Chrono Boost)  
  106  9:56  Pylon  
  106  9:57  Pylon  
  106  9:59  Pylon  
  106  10:00  Pylon  
  106  10:08  Stalker  
  106  10:11  Archon  
  112  10:14  Tempest (Chrono Boost)  
  112  10:19  Probe  
  112  10:21  Probe  
  114  10:24  Stalker x4  
  126  10:47  Tempest (Chrono Boost)  
  126  10:51  Tempest (Chrono Boost)  
  126  10:53  High Templar  
  126  10:54  Zealot  
  126  10:55  Zealot x3  
  140  10:59  Nexus  
  140  11:01  Assimilator  
  140  11:03  Assimilator  
  140  11:07  Pylon  
  140  11:09  Pylon  
  144  11:28  Pylon  
  144  11:29  Tempest (Chrono Boost)  
  144  11:30  Pylon  
  144  11:31  Pylon x2, Tempest (Chrono Boost)  
  148  11:50  Zealot x3  
  148  11:51  Zealot x2  
  158  12:06  Tempest (Chrono Boost)  
  166  12:14  Tempest (Chrono Boost)  
  162  12:36  Stalker x3  
  164  12:37  Stalker  
  164  12:38  Probe x2  
  164  12:39  Probe  
  169  12:56  Psionic Storm  
  169  13:00  Zealot  
  169  13:01  Zealot x4  
Tags
 
Matchup
PvP
Replay Pack
All Mines
Spawn Locations
Close Positions
Add a new tag
Caveats
  • Supply blocks, unpowered buildings, or Contaminate may cause inaccurate times.
  • Supply counts are checked every 10 seconds.